 Dungeon Crawl Stone Soup version 0.32-a0-468-g38b2580584 (webtiles) character file.

Game seed: 14449970036354677108

0 Angani the Chopper (level 1, -2/18 HPs)
             Began as a Coglin Chaos Knight on Feb 24, 2024.
             Was a Plaything of Xom.
             Slain by a steam dragon (4 damage)
             ... on level 1 of the Dungeon.
             The game lasted 00:00:05 (28 turns).

Angani the Chopper (Coglin Chaos Knight)              Turns: 28, Time: 00:00:09

Health: -2/18      AC:  5    Str: 12    XL:     1   Next: 0%
Magic:  1/1        EV: 11    Int: 11    God:    Xom [..*...]
Gold:   0          SH:  0    Dex: 13    Spells: 0/0 levels left

rFire   . . .        a - +0 hand axe (chaos) {Synnove}
rCold   . . .        (no shield)
rNeg    . . .        b - +2 leather armour
rPois   .            (no helmet)
rElec   .            (no cloak)
rCorr   .            (no gloves)
SInv    .            (no boots)
Will    .....        (no amulet)
Stlth   +            (ring unavailable)
HPRegen 0.23/turn    (ring unavailable)
MPRegen 0.07/turn

%: no passive effects
@: revving
A: off-hand wielding, slow wielding, warmup strikes, no rings
a: Renounce Religion


You were on level 1 of the Dungeon.
You worshipped Xom.
You were a toy of Xom.
You visited 1 branch of the dungeon, and saw 1 of its levels.

Inventory:

Hand Weapons
 a - a +0 hand axe of chaos (weapon) {Synnove}
Armour
 b - a +2 leather armour (worn)
Scrolls
 c - a scroll of butterflies


   Skills:
 + Level 3.0 Fighting
 + Level 3.0 Axes
 + Level 1.7 Armour
 + Level 0.8 Dodging


You couldn't memorise any spells.
You didn't know any spells.
Your spell library was empty.

Dungeon Overview and Level Annotations

Branches:
Dungeon (1/15)

Altars:


Innate Abilities, Weirdness & Mutations

You can wield a second weapon in your off-hand.
It takes a long time for you to wield or remove held weapons.
Your first few attacks do less damage.
Your grasper-arms cannot wear rings.


Message History

Welcome, Angani the Coglin Chaos Knight.
The heart of this dungeon contains the sublime artefact, the Orb of Zot.
Xom says: A new plaything!
Press ? for a list of commands and other information.
Found a staircase leading out of the dungeon.
As you open the door, it creaks loudly!
There is an open door here.
A bat comes into view.
A bat is nearby!
A hobgoblin comes into view.
The hobgoblin shouts!
The bat barely misses you. The hobgoblin hits you.
The bat hits you but does no damage.
You hit the bat.
The bat evaporates and reforms as a steam dragon!
The steam dragon is moderately wounded.
You hit the hobgoblin. You freeze the hobgoblin.
The hobgoblin hits you but does no damage.
The steam dragon closely misses you. The steam dragon claws you.
You hit the hobgoblin. You freeze the hobgoblin.
You kill the hobgoblin!
You closely miss the steam dragon. The steam dragon bites you!
Ouch! That really hurt!
* * * LOW HITPOINT WARNING * * *
The steam dragon claws you.
You die...
Xom bursts into laughter!

## .# ####.## #
#.. .. ... #.# .#
.....##@##.#
......D....#
.....##.#.## ....
...#.#
.....####.#
.....####.#######
................#
....##########.#
##########.#


You could see a steam dragon.

Vanquished Creatures
  A hobgoblin (D:1)
1 creature vanquished.

Notes
Turn   | Place    | Note
-------+----------+-------------------------------------------
     0 | D:1      | Angani the Coglin Chaos Knight began the quest for the Orb.
     0 | D:1      | Reached XP level 1. HP: 18/18 MP: 1/1
    27 | D:1      | a bat changed into a steam dragon
    27 | D:1      | Noticed a steam dragon
    28 | D:1      | Slain by a steam dragon

Illustrated notes

Levels and vault maps discovered:
D:1:      dpeg_arrival_rooms_c, layout_loops_cross,
          shapermc_ecumenical_altar_mp_highgroup, patterned_corridor

Action                     || total
---------------------------++-------
  Melee: Hand axe          ||     2
 Armour: Leather armour    ||     6
  Dodge: Dodged            ||     2

Table legend: (Time is in decaauts)
 A = Elapsed time spent in this place.
 B = Non-inter-level travel time spent in this place.
 C = Inter-level travel time spent in this place.
 D = Time resting spent in this place.
 E = Time spent auto-exploring this place.
 F = Levels seen in this place.
 G = Mean time per level.
                   A        B        C        D        E       F      G
               +--------+--------+--------+--------+--------+-----+--------+
         Total |     28 |     28 |      0 |      0 |     22 |   1 |   28.0 |
       Dungeon |     28 |     28 |      0 |      0 |     22 |   1 |   28.0 |
               +--------+--------+--------+--------+--------+-----+--------+

Top non-repeatable levels by time:
     D:1: 28 daAuts
